 Dungeon Crawl Stone Soup version 0.18.1-48-g4cf74bf (webtiles) character file.

6220 Kisielow the Transmogrifier (level 10, -4/105 HPs)
             Began as a Merfolk Transmuter on Aug 30, 2016.
             Was a High Priest of Okawaru.
             Slain by a killer bee (8 damage)
             ... on level 1 of the Lair of Beasts.
             The game lasted 00:25:54 (12235 turns).

Kisielow the Transmogrifier (Merfolk Transmuter)   Turns: 12235, Time: 00:25:55

Health: -4/105     AC:  6    Str: 16    XL:     10   Next: 92%
Magic:  12/13      EV: 16    Int: 15    God:    Okawaru [*****.]
Gold:   354        SH:  0    Dex: 15    Spells: 3 memorised, 1 level left

rFire  x . .     SeeInvis .       - Unarmed
rCold  + + +     Gourm    .     (armour currently unavailable)
rNeg   . . .     Faith    .     (shield currently unavailable)
rPois  +         Spirit   .     (helmet currently unavailable)
rElec  .         Dismiss  .     (cloak currently unavailable)
rCorr  +         Reflect  .     (gloves currently unavailable)
SustAt +         Harm     .     (boots currently unavailable)
MR     .....                    (no amulet)
Stlth  ++........               p - ring of sustain attributes
                                r - ring of resist corrosion

@: mighty, about to teleport, ice-form (expiring), very slightly contaminated,
hasted, invisible, very quick, not resistant to hostile enchantments, unstealthy
A: (change form in water), (swift swim), robust 1
a: End Transformation, Heroism, Finesse, Renounce Religion


You were on level 1 of the Lair of Beasts.
You worshipped Okawaru.
Okawaru was extremely pleased with you.
You were not hungry.
You were a creature of crystalline ice.
You visited 3 branches of the dungeon, and saw 12 of its levels.

You collected 704 gold pieces.
You spent 350 gold pieces at shops.

Inventory:

Hand Weapons
 A - the +4 long sword "Dilick" {pain, +Blink MR+ MP+9 Stlth-}
   (You found it on level 8 of the Dungeon)

   In the hands of one skilled in necromantic magic, it inflicts extra damage on
   living creatures.
   It affects your resistance to hostile enchantments.
   It affects your magic capacity (+9).
   It lets you blink.
   It makes you less stealthy.
 G - a +5 halberd of chopping
Missiles
 a - 146 arrows
Armour
 b - a +1 robe (melded)
 B - a +0 hat (melded)
 F - a +0 cloak of invisibility (melded)
Jewellery
 p - a ring of sustain attributes (right front paw)
 r - a ring of resist corrosion (left front paw)
Wands
 h - a wand of random effects (17/48)
 k - a wand of acid (0/15)
 t - a wand of digging (10/24)
 u - a wand of iceblast (0/15)
 y - a wand of slowing (27/48)
 E - a wand of teleportation (3/9)
Scrolls
 e - 8 scrolls of identify
 q - a scroll of fog
 s - 2 scrolls of blinking
 w - a scroll of teleportation
 z - 2 scrolls of fear {unknown}
 C - a scroll of amnesia
 I - a scroll of magic mapping {unknown}
Potions
 g - 2 potions of brilliance
 i - 3 potions of agility
 j - a potion of flight
 l - a potion of lignification
Books
 c - a book of Changes

   Spells                             Type                      Level
   a - Beastly Appendage              Transmutation                1
   b - Sticks to Snakes               Transmutation                2
   c - Spider Form                    Transmutation/Poison         3
   d - Ice Form                       Ice/Transmutation            4
   e - Blade Hands                    Transmutation                5
 D - a book of the Warp

   Spells                             Type                      Level
   a - Recall                         Summoning/Translocation      3
   b - Gell's Gravitas                Hexes/Translocation          3
   c - Force Lance                    Conjuration/Translocation    4
   d - Warp Weapon                    Charms/Translocation         5
   e - Summon Forest                  Summoning/Translocation      5
 J - a book of Envenomations

   Spells                             Type                      Level
   a - Spider Form                    Transmutation/Poison         3
   b - Olgreb's Toxic Radiance        Poison                       4
   c - Alistair's Intoxication        Transmutation/Poison         5
   d - Poisonous Cloud                Conjuration/Poison/Air       6
Comestibles
 d - 5 bread rations
 f - 2 slices of pizza
 m - a meat ration
 H - 3 chunks of flesh


   Skills:
 + Level 8.2 Fighting
 + Level 9.9 Dodging
 - Level 10.0 Unarmed Combat
 - Level 2.0 Spellcasting
 * Level 11.5 Transmutations


You had one spell level left.
You knew the following spells:

 Your Spells              Type           Power        Failure   Level  Hunger
e - Ice Form              Ice/Trmt       ###.....     24%         4    #####..
q - Spider Form           Trmt/Pois      ###.......   10%         3    ###....
w - Blade Hands           Trmt           #####.....   6%          5    ######.


Dungeon Overview and Level Annotations

Branches:
Dungeon (9/15)             Temple (1/1) D:4            Lair (2/8) D:9
    Orc (0/2) D:9

Altars:
Ashenzari
Cheibriados
Dithmenos
Elyvilon
Fedhas
Gozag
Kikubaaqudgha
Makhleb
Nemelex Xobeh
Okawaru
Pakellas
Qazlal
Ru
Sif Muna
Trog
Vehumet
Xom
Yredelemnul
Zin
The Shining One
Lugonu

Shops:
D:6 !

Annotations:
D:8 Prince Ribbit


Innate Abilities, Weirdness & Mutations

((You revert to your normal form in water.))
((You are very nimble and swift while swimming.))
You are robust (+10% HP).


Message History

You feel a wave of frost pass over you.
There is an entrance to an ice cave on this level.
Hurry and find it before the portal melts!
A black mamba and a hydra come into view.
Found a scroll of identify.
There is a stone staircase leading up here.
Your transformation is almost over.
The killer bee barely misses you. The killer bee closely misses you.
You climb upwards.
The killer bee closely misses you. The killer bee stings you.
* * * LOW HITPOINT WARNING * * *
The killer bee stings you.
* * * LOW HITPOINT WARNING * * *
There is a stone staircase leading down here.
Read which item? (? for menu, Esc to quit)
As you read the scroll of teleportation, it crumbles to dust.
You feel strangely unstable. The killer bee misses you.
The killer bee closely misses you. The killer bee misses you.
The killer bee closely misses you. The killer bee stings you!
You die...

##......#....>.#
##...⌠...+..#...#
####.(...†..####...#
####.#.......#.# #...#
###.###..⌠..#.###.# #...#
##.⌠.##..........).# .....
#........yy................
##⌠.>..+.⌠y>y⌠..⌠..(..
.....
#....(.#..yY........+..
#.##.⌠.##y...........#P..
## #..##y#[.⌠...###.##
####...y###......# ##
#.#...y## ##.......
######.....######...⌠.?.
................##......
..........y......#......
..................##.


You could see 8 killer bees.

Vanquished Creatures
  Gastronok (D:9)
  Pikel (D:8)
  Maurice (D:8)
  A manticore (D:9)
  A queen bee (Lair:1)
  Sigmund (D:5)
  A wyvern (D:9)
  A hippogriff (D:9)
  A hungry ghost (D:9)
  Eustachio (D:4)
  A porcupine (Lair:1)
  A sky beast (D:8)
  An orc warrior (D:4)
  A black bear (D:9)
  3 slaves
  A wasp (D:9)
  An ogre (D:5)
  2 centaurs
  5 giant frogs
  A gnoll sergeant (D:5)
  9 killer bees
  A howler monkey (D:5)
  3 crimson imps
  A giant frog zombie (D:9)
  An orc priest (D:4)
  4 hounds
  2 jellies
  2 giant frog skeletons
  3 orc wizards
  A centaur skeleton (D:5)
  2 iguanas
  Natasha (thrice) (D:4)
  5 worker ants
  2 hound zombies (D:7)
  A hound skeleton (D:6)
  6 adders
  5 gnolls (D:5)
  A howler monkey skeleton (D:4)
  8 river rats (Lair:1)
  An ooze (D:1)
  An adder skeleton (D:9)
  2 worms
  4 dart slugs
  10 giant geckos
  21 orcs
  2 ball pythons
  3 giant cockroaches
  4 hobgoblins
  18 jackals
  A quokka (D:7)
  A ball python zombie (D:6)
  7 bats
  8 giant newts
  6 goblins
  A jackal skeleton (D:7)
  6 kobolds
  12 rats
195 creatures vanquished.

Notes
Turn   | Place    | Note
--------------------------------------------------------------
     0 | D:1      | Kisielow the Merfolk Transmuter began the quest for the Orb.
     0 | D:1      | Reached XP level 1. HP: 15/15 MP: 3/3
   197 | D:1      | Reached XP level 2. HP: 21/21 MP: 3/5
   854 | D:1      | Reached XP level 3. HP: 26/26 MP: 4/6
   859 | D:1      | Learned a level 3 spell: Spider Form
   989 | D:1      | Reached skill level 3 in Transmutations
  1655 | D:2      | Noticed an angel
  1660 | D:2      | Found a shimmering altar of Xom.
  1661 | D:2      | Found a glowing silver altar of Zin.
  1791 | D:2      | Found a snail-covered altar of Cheibriados.
  2038 | D:2      | Reached skill level 4 in Transmutations
  2065 | D:2      | Reached XP level 4. HP: 27/32 MP: 0/7
  2492 | D:3      | Found an iron altar of Okawaru.
  2492 | D:3      | Found an ancient bone altar of Kikubaaqudgha.
  2496 | D:3      | Became a worshipper of Warmaster Okawaru
  2649 | D:3      | Found an iron altar of Okawaru.
  2817 | D:3      | Reached skill level 5 in Transmutations
  3164 | D:4      | Found a radiant altar of Vehumet.
  3175 | D:4      | Reached XP level 5. HP: 28/37 MP: 4/8
  3278 | D:4      | Noticed Natasha
  3290 | D:4      | Killed Natasha
  3290 | D:4      | Reached skill level 6 in Transmutations
  3372 | D:4      | Found a staircase to the Ecumenical Temple.
  3384 | D:4      | Noticed Eustachio
  3414 | D:4      | Killed Eustachio
  3414 | D:4      | Reached * piety under Okawaru
  3414 | D:4      | Reached skill level 7 in Transmutations
  3414 | D:4      | Reached XP level 6. HP: 14/43 MP: 6/9
  3749 | D:4      | Learned a level 5 spell: Blade Hands
  3944 | D:4      | Found a blossoming altar of Fedhas.
  4021 | D:4      | Noticed an orc warrior
  4041 | D:4      | Killed an orc warrior
  4041 | D:4      | Reached skill level 5 in Unarmed Combat
  4041 | D:4      | Reached XP level 7. HP: 27/50 MP: 8/10
  4068 | D:4      | Found a deep blue altar of Sif Muna.
  4107 | D:4      | Noticed Natasha
  4120 | D:4      | Killed Natasha
  4297 | Temple   | Entered the Ecumenical Temple
  4451 | D:4      | Noticed Natasha
  4464 | D:4      | Killed Natasha
  4721 | D:5      | Entered Level 5 of the Dungeon
  5108 | D:5      | Noticed Sigmund
  5118 | D:5      | Killed Sigmund
  5118 | D:5      | Reached ** piety under Okawaru
  5224 | D:5      | Reached XP level 8. HP: 58/58 MP: 7/11
  5625 | D:5      | Reached skill level 5 in Dodging
  6998 | D:6      | Found Etag's Distillery.
  7208 | D:6      | Bought a potion of beneficial mutation for 350 gold pieces
  7210 | D:6      | Gained mutation: You are robust (+10% HP). [potion of beneficial mutation]
  7412 | D:6      | Found a bloodstained altar of Trog.
  8186 | D:8      | Noticed Pikel
  8186 | D:8      | Noticed Prince Ribbit
  8247 | D:8      | Found an opulent altar of Gozag.
  8338 | D:8      | Killed Pikel
  8338 | D:8      | Reached *** piety under Okawaru
  8338 | D:8      | Reached skill level 5 in Fighting
  8338 | D:8      | Reached XP level 9. HP: 28/74 MP: 4/12
  8597 | D:8      | Got a twisted long sword
  8598 | D:8      | Identified the +4 long sword "Dilick" {pain, +Blink MR+ MP+9 Stlth-} (You found it on level 8 of the Dungeon)
  8805 | D:8      | Noticed Maurice
  8828 | D:8      | Killed Maurice
  9341 | D:8      | Reached **** piety under Okawaru
  9716 | D:9      | Reached skill level 10 in Unarmed Combat
  9825 | D:9      | Learned a level 4 spell: Ice Form
 10584 | D:9      | Reached skill level 8 in Transmutations
 10726 | D:9      | Reached XP level 10. HP: 32/84 MP: 9/13
 10731 | D:9      | Reached skill level 9 in Transmutations
 11075 | D:9      | Noticed Gastronok
 11132 | D:9      | Killed Gastronok
 11132 | D:9      | Reached ***** piety under Okawaru
 11132 | D:9      | Reached skill level 10 in Transmutations
 11438 | D:9      | Noticed a manticore
 11448 | D:9      | Killed a manticore
 11448 | D:9      | Received a gift from Okawaru
 11772 | D:9      | Found a staircase to the Lair.
 11815 | D:9      | Found a staircase to the Orcish Mines.
 11930 | D:9      | Found a glowing golden altar of the Shining One.
 11991 | Lair:1   | Entered Level 1 of the Lair of Beasts
 12014 | Lair:1   | Reached skill level 11 in Transmutations
 12231 | Lair:2   | Noticed a seven-headed hydra
 12231 | Lair:2   | Noticed a black mamba
 12233 | Lair:1   | HP: 4/105 [killer bee (5)]
 12235 | Lair:1   | Slain by a killer bee

Skill      XL: |  1  2  3  4  5  6  7  8  9 10 |
---------------+-------------------------------+-----
Unarmed Combat | 4 5 6 8 10 | 10.0
Transmutations | 4 5 7 8 11 | 11.5
Fighting       | 2 3 5 6 8 |  8.2
Dodging        | 3 4 6 8 9 |  9.9
Spellcasting   | |  2.0

Action                   |  1- 3 |  4- 6 |  7- 9 | 10-12 || total
-------------------------+-------+-------+-------+-------++-------
Melee: Unarmed           |   125 |   140 |   337 |    91 ||   693
       Headbutt          |     5 |       |       |       ||     5
       Punch             |     1 |     1 |       |     2 ||     4
 Cast: Beastly Appendage |    15 |       |       |       ||    15
       Spider Form       |     1 |     8 |    46 |     3 ||    58
       Blade Hands       |       |       |       |     3 ||     3
       Ice Form          |       |       |       |     2 ||     2
Invok: Heroism           |       |       |     1 |       ||     1
Evoke: Wand              |       |       |     2 |     3 ||     5
  Use: Scroll            |       |    15 |     8 |     3 ||    26
       Potion            |       |       |     2 |     6 ||     8
 Stab: Sleeping          |     2 |     1 |     3 |       ||     6
       Distracted        |       |     1 |       |       ||     1
  Eat: Chunk             |     4 |     7 |    18 |     3 ||    32
       Bread ration      |       |       |     1 |       ||     1
       Fruit             |       |       |     1 |     2 ||     3
       Meat ration       |       |       |     1 |     1 ||     2
Armor: Robe              |    29 |    19 |     8 |     2 ||    58
       Skin              |       |     5 |     7 |    12 ||    24
Dodge: Dodged            |    91 |   143 |   327 |   148 ||   709
